AoeStats
← FERMORTE

Arena

506569839Analyzed
4v4 RM · 17d ago on Sep 14, 2026· 37m 55s· 8 players
Game mode
Random Map
Map size
Large (8 player)
Population
200
Speed
Normal
Resources
Standard
Victory
Conquest
Starting age
Dark Age
Ending age
Imperial Age
RankedLock teamsTeams togetherTeam positionsShared explorationLock speedFull tech treeHidden civsTurbo modeCheats
Victory
Defeat
🇨🇱 Bohemians · Chile
840
+7
🇺🇸 Malians · United States
767
+9
🇧🇷 Jurchens · Brazil
429
+22
🇺🇸 Persians · United States
374
+23
🇲🇽 Khmer · Mexico
701
-20
🇸🇬 Huns · Singapore
575
-15
🇺🇸 Britons · United States
546
-14
🇨🇳 Vietnamese · China
509
-12
guitarflyingmatt
8:35 Loom
11:01 Feudal Age
11:34 Double-Bit Axe
11:34 Horse Collar
13:30 Wheelbarrow
21:00 Castle Age
20:37 Fletching
21:34 Forging
20:48 Man-at-Arms
21:24 Gold Mining
21:28 Stone Mining
21:42 Heavy Plow
22:02 Bow Saw
23:14 Pikeman
23:55 Squires
23:41 Long Swordsman
25:42 Scale Mail Armor
31:40 Fortified Wall
31:51 Ballistics
31:12 Treadmill Crane
32:09 Hand Cart
33:17 Chain Mail Armor
33:01 Bodkin Arrow
35:26 Fervor
38:27 Sanctity
lordvios
2:46 Loom
10:08 Feudal Age
12:48 Wheelbarrow
16:36 Castle Age
16:49 Horse Collar
18:10 Town Watch
22:43 Double-Bit Axe
23:24 Hand Cart
25:27 Town Patrol
26:21 Heavy Plow
26:35 Bow Saw
26:18 Gold Mining
26:18 Stone Mining
28:00 Gold Shaft Mining
32:56 Imperial Age
30:56 Fortified Wall
34:11 Bloodlines
34:02 Husbandry
33:29 Elite Battle Elephant
34:34 Conscription
33:40 Elite Ballista Elephant
35:16 Stone Shaft Mining
34:39 Light Cavalry
35:27 Hussar
36:47 Hussar
604569544
14:12 Feudal Age
18:05 Town Watch
21:39 Castle Age
Soldaris
2:12 Loom
9:20 Feudal Age
10:03 Double-Bit Axe
11:52 Wheelbarrow
13:42 Gold Mining
13:39 Horse Collar
17:32 Stone Mining
21:45 Castle Age
21:20 Fletching
22:16 Forging
22:38 Bow Saw
22:31 Heavy Plow
23:27 Gold Shaft Mining
23:31 Bodkin Arrow
26:00 Murder Holes
FERMORTE
0:30 Loom
11:51 Feudal Age
13:08 Wheelbarrow
12:24 Double-Bit Axe
12:37 Horse Collar
15:35 Gold Mining
15:54 Town Watch
16:53 Stone Mining
19:56 Scale Mail Armor
20:08 Forging
20:04 Scale Barding Armor
21:04 Arson
25:29 Castle Age
23:59 Bloodlines
26:27 Hand Cart
26:29 Bow Saw
26:26 Heavy Plow
28:42 Caravan
31:58 Gold Shaft Mining
32:00 Stone Shaft Mining
32:48 Squires
32:35 Gambesons
35:34 Imperial Age
38:11 Chemistry
37:34 Ballistics
Strive4Richs601
7:20 Loom
12:19 Feudal Age
13:56 Double-Bit Axe
13:52 Horse Collar
19:43 Castle Age
18:11 Stone Mining
18:20 Gold Mining
18:29 Arson
20:10 Pikeman
20:53 Squires
21:34 Wheelbarrow
25:18 Man-at-Arms
32:49 Hand Cart
34:11 Bow Saw
34:35 Heavy Plow
35:59 Caravan
36:43 Gold Shaft Mining
36:44 Stone Shaft Mining
36:22 Forging
36:13 Scale Mail Armor
36:04 Fletching
36:16 Padded Archer Armor
xValidusx
0:49 Loom
28:21 Feudal Age
28:47 Horse Collar
29:47 Wheelbarrow
28:58 Town Watch
29:06 Gold Mining
29:07 Stone Mining
29:06 Double-Bit Axe
33:33 Castle Age
31:50 Forging
31:30 Arson
33:38 Scale Mail Armor
33:43 Scale Barding Armor
33:30 Fletching
33:41 Padded Archer Armor
33:56 Bloodlines
34:27 Husbandry
35:05 Bow Saw
35:35 Gambesons
35:51 Squires
37:22 Hand Cart
martinignacio
3:38 Loom
10:50 Feudal Age
19:09 Castle Age
17:36 Horse Collar
21:20 Double-Bit Axe
23:03 Town Watch
24:51 Wheelbarrow
24:18 Heavy Plow
30:54 Imperial Age
30:22 Chemistry
34:41 Bow Saw
Connection lost

Rejoining the realm…

Still unreachable

The connection could not be restored.

Session expired

The server has moved on; the page needs a fresh start.